AoeStats
← Дитя Войны

Arena

510726481Analyzed
1v1 RM · 4h ago on Oct 2, 2026· 24m 26s· 2 players
Game mode
Random Map
Map size
Tiny (2 player)
Population
200
Speed
Normal
Resources
Standard
Victory
Conquest
Starting age
Dark Age
Ending age
Imperial Age
RankedLock teamsTeams togetherTeam positionsShared explorationLock speedFull tech treeHidden civsTurbo modeCheats
Victory
Defeat
🇨🇳 Turks · China
1060
+17
🇷🇺 Poles · Russia
1082
-17
胡乱敲键盘
11:50 Feudal Age
12:33 Double-Bit Axe
15:30 Castle Age
14:06 Gold Mining
21:54 Imperial Age
20:56 Bow Saw
21:26 Horse Collar
Дитя Войны
12:14 Feudal Age
15:56 Castle Age
13:57 Horse Collar
14:17 Double-Bit Axe
14:42 Stone Mining
17:56 Bow Saw
17:53 Heavy Plow
17:59 Loom
24:01 Wheelbarrow
23:12 Town Watch
24:16 Ballistics
23:37 Treadmill Crane
Connection lost

Rejoining the realm…

Still unreachable

The connection could not be restored.

Session expired

The server has moved on; the page needs a fresh start.